 Dungeon Sprint DCSS version 0.21.1-1-g345015fe64 (webtiles) character file.

618 Denreik the Blocker (level 7, -7/66 HPs)
             Began as a Formicid Fighter on May 19, 2018.
             Was a Believer of Okawaru.
             Mangled by Sonja
             ... wielding a +0 short sword of distortion
              (10 damage)
             ... in the Dungeon (Sprint I: "Red Sonja").
             The game lasted 00:03:36 (708 turns).

Denreik the Blocker (Formicid Fighter)               Turns: 708, Time: 00:03:36

Health: -7/66      AC:  8    Str: 27    XL:     7   Next: 74%
Magic:  6/7        EV: 10    Int:  8    God:    Okawaru [**....]
Gold:   50         SH: 13    Dex: 10    Spells: 6/6 levels left

rFire    . . .     SeeInvis +   a - +0 quarterstaff
rCold    . . .     Gourm    .   c - +0 shield
rNeg     . . .     Faith    .   b - +0 scale mail
rPois    .         Spirit   .   (helmet unavailable)
rElec    .         Reflect  .   (no cloak)
rCorr    .         Harm     .   (no gloves)
MR       .....                  (no boots)
Stlth    ..........             (no amulet)
HPRegen  0.21/turn              l - +5 ring of strength
MPRegen  0.10/turn              (no ring)

@: lethally poisoned (-7 -> -12)
A: permanent stasis, dig shafts and tunnels, four strong arms, antennae 3
a: Dig, Heroism, Renounce Religion


You were in the Dungeon.
You worshipped Okawaru.
Okawaru was pleased with you.
You were not hungry.

You visited 1 branch You collected 503 gold pieces.
You spent 453 gold pieces at shops.

Inventory:

Hand Weapons
 a - a +0 quarterstaff (weapon)
Missiles
 m - 16 sling bullets
Armour
 b - a +0 scale mail (worn)
 c - a +0 shield (worn)
Jewellery
 l - a +5 ring of strength (left hand)
Scrolls
 k - a scroll of blinking
Potions
 d - a potion of might
 e - a potion of curing
 g - a potion of heal wounds
 h - a potion of haste
 i - 2 potions of magic
 j - a potion of berserk rage
Comestibles
 f - 2 rations


   Skills:
 - Level 10.0 Fighting
 * Level 5.2 Staves
 - Level 9.1 Armour
 * Level 11.6 Shields


You had 6 spell levels left.
You didn't know any spells.

Dungeon Overview and Level Annotations

Branches:
Dungeon (1/1)

Altars:
Cheibriados
Dithmenos
Elyvilon
Fedhas
Gozag
Hepliaklqana
Kikubaaqudgha
Makhleb
Nemelex Xobeh
Okawaru
Qazlal
Ru
Sif Muna
Trog
Uskayaw
Vehumet
Wu Jian
Xom
Yredelemnul
Zin
The Shining One
Jiyva
Lugonu

Shops:
D =

Annotations:
D Sonja


Innate Abilities, Weirdness & Mutations

You cannot be hasted, slowed, berserked, paralysed or teleported.
You can dig through walls and to a lower floor.
Your four strong arms can wield two-handed weapons with a shield.
You have a pair of large antennae on your head. (SInv)


Message History

Sonja wields an uncursed short sword of distortion.
Its appearance distorts for a moment.
Sonja hits you with an uncursed short sword of distortion.
* * * LOW HITPOINT WARNING * * *
Space warps horribly around you!
* * * LOW HITPOINT WARNING * * *
You block Sonja's attack.
Sonja hits you with an uncursed short sword of distortion.
* * * LOW HITPOINT WARNING * * *
You feel a strange sense of stasis.
You are too injured to fight recklessly!
You closely miss Sonja.
* * * LOW HITPOINT WARNING * * *
You feel sick. Sonja misses you. You block Sonja's attack. x2
Sonja closely misses you.
Sonja hits you with an uncursed short sword of distortion.
* * * LOW HITPOINT WARNING * * *
You feel a strange sense of stasis.
Sonja hits you with an uncursed short sword of distortion!
You die...

#..+.)#..'..#..'..'..#
{
#..##.##+#####'#__####{
{ #...#.#..#...#.#### {
#..#__.###..##[# {
#..#_____##'#_.+ {
#⌠⌠#_.∩...'..._# {
###._..__##_.#'##+###
#..#_____###(#.....[# {
########## #@####+###


+$K$+ { #$.$# { ##.## { { #+# {{ { { { { {{{ You could see Sonja.

Vanquished Creatures
  A slime creature (D)
  Sigmund (D)
  A yak (D)
  An ogre (D)
  A jelly (D)
  Ijyb (D)
6 creatures vanquished.

Notes
Turn   | Place    | Note
-------+----------+-------------------------------------------
     0 | D        | Denreik the Formicid Fighter began the quest for the Orb.
     0 | D        | Reached XP level 1. HP: 18/18 MP: 1/1
     2 | D        | Found a white marble altar of Elyvilon.
     2 | D        | Found a glowing silver altar of Zin.
     2 | D        | Found a glowing golden altar of the Shining One.
     2 | D        | Found an iron altar of Okawaru.
     2 | D        | Found a bloodstained altar of Trog.
     2 | D        | Found a blossoming altar of Fedhas.
     2 | D        | Found a stormy altar of Qazlal.
     2 | D        | Found an ancient bone altar of Kikubaaqudgha.
     2 | D        | Found Baupn's Jewellery Emporium.
     2 | D        | Found a basalt altar of Yredelemnul.
     2 | D        | Found a hide-covered altar of Uskayaw.
     2 | D        | Found a hazy altar of Hepliaklqana.
     2 | D        | Found a shadowy altar of Dithmenos.
     2 | D        | Found a sacrificial altar of Ru.
     2 | D        | Found a snail-covered altar of Cheibriados.
     2 | D        | Found an opulent altar of Gozag.
     2 | D        | Found a sparkling altar of Nemelex Xobeh.
     2 | D        | Noticed a yak
     5 | D        | Became a worshipper of Warmaster Okawaru
    14 | D        | Killed a yak
    14 | D        | Reached * piety under Okawaru
    14 | D        | Reached skill level 7 in Shields
    14 | D        | Reached XP level 2. HP: 18/31 MP: 2/2
    14 | D        | Reached XP level 3. HP: 21/36 MP: 3/3
    14 | D        | Reached XP level 4. HP: 26/43 MP: 4/4
    14 | D        | Reached XP level 5. HP: 29/48 MP: 5/5
    36 | D        | Noticed Ijyb
    50 | D        | Killed Ijyb
    53 | D        | Noticed an ogre
    59 | D        | Killed an ogre
    59 | D        | Reached skill level 5 in Staves
    59 | D        | Reached skill level 8 in Shields
    59 | D        | Reached XP level 6. HP: 5/56 MP: 6/6
   341 | D        | Noticed Sigmund
   352 | D        | Killed Sigmund
   352 | D        | Reached ** piety under Okawaru
   352 | D        | Reached skill level 10 in Shields
   352 | D        | Reached XP level 7. HP: 47/62 MP: 7/7
   436 | D        | Found an ornate altar of the Wu Jian Council.
   436 | D        | Found a deep blue altar of Sif Muna.
   438 | D        | Found a radiant altar of Vehumet.
   443 | D        | Reached skill level 11 in Shields
   479 | D        | Found a burning altar of Makhleb.
   479 | D        | Found a viscous altar of Jiyva.
   479 | D        | Found a shimmering altar of Xom.
   479 | D        | Found a corrupted altar of Lugonu.
   479 | D        | Noticed a slime creature
   492 | D        | Killed a slime creature
   492 | D        | Reached skill level 10 in Fighting
   679 | D        | Bought a +5 ring of strength for 453 gold pieces
   686 | D        | Noticed Sonja
   708 | D        | HP: 3/66 [Sonja/uncursed short sword of distortion (2)]
   708 | D        | Mangled by Sonja

Skill      XL: |  1  2  3  4  5  6  7 |
---------------+----------------------+-----
Fighting       | 7 8 10 | 10.0
Staves         | 4 5 |  5.2
Armour         | 6 7 9 |  9.1
Shields        | 7 8 10 11 | 11.6

Action                   |  1- 3 |  4- 6 |  7- 9 || total
-------------------------+-------+-------+-------++-------
Melee: Quarterstaff      |     9 |    29 |    22 ||    60
Invok: Heroism           |       |       |     2 ||     2
 Abil: Dig               |     1 |     3 |     1 ||     5
Armor: Scale mail        |     1 |     2 |     4 ||     7
Dodge: Dodged            |     2 |     4 |    11 ||    17
Block: Shield            |     5 |    11 |    18 ||    34
